[Event "Titled Tuesday Blitz November 22 Early 2022"]
[White "Lehtosaari, Mauri"]
[Black "Pranav, V"]
[WhiteFideId "501999"]
[BlackFideId "25060783"]
[WhiteElo "2504"]
[BlackElo "2430"]
[Result "0-1"]
[Round "01"]
[TimeControl "180+1"]
[Date "2022.11.22"]
[WhiteClock "0:00:15"]
[BlackClock "0:00:19"]

1. d4 Nf6 2. Nf3 e6 3. e3 b6 4. Bd3 Bb7 5. O-O d5 6. b3 Bd6 7. Bb2 O-O 8. Nbd2 c5 9. Qe2 Nc6 10. a3 Rc8 11. Rac1 cxd4 12. exd4 Ne7 13. Ne5 Ng6 14. f4 Bb8 15. Rf3 Ne8 16. Nxg6 hxg6 17. Qf2 Nf6 18. Rh3 Ne4 19. Qe3 Nxd2 20. Qxd2 Qf6 21. Rf1 Bd6 22. g4 Qe7 23. Qf2 f5 24. gxf5 exf5 25. Re1 Qf6 26. Rhe3 Rcd8 27. Qg3 Bc8 28. R1e2 Kf7 29. a4 Rh8 30. Rg2 Rh4 31. Rf3 Re8 32. Kf1 Re4 33. Rgf2 Rg4 34. Qh3 Rh4 35. Qg3 Bd7 36. Bc3 Rg4 37. Qh3 Rexf4 38. Rxf4 Rxf4 39. Rxf4 Bxf4 40. Qh8 Be8 41. Qh3 Bd6 42. Qf3 Bc6 43. Bb5 Bb7 44. a5 bxa5 45. Bxa5 Qxd4 46. Bd3 Qa1+ 47. Be1 Bb4 48. Qe2 Qxe1+ 49. Qxe1 Bxe1 50. Kxe1 d4 51. Kf2 Kf6 52. Kg3 g5 53. h3 Ke5 54. b4 Be4 55. Kf2 Bxd3 0-1


[Site "https://www.chess.com"]

[Event "Titled Tuesday Blitz November 22 Early 2022"]
[White "Levine, David"]
[Black "Manelyuk, Daniil"]
[WhiteFideId "2011611"]
[BlackFideId "44173920"]
[WhiteElo "2181"]
[BlackElo "2209"]
[Result "0-1"]
[Round "01"]
[TimeControl "180+1"]
[Date "2022.11.23"]
[WhiteClock "0:00:04"]
[BlackClock "0:00:22"]

1. d4 Nf6 2. c4 c5 3. d5 b5 4. cxb5 a6 5. f3 g6 6. e4 d6 7. Nc3 Bg7 8. a4 O-O 9. Bc4 axb5 10. Bxb5 Ba6 11. Nge2 Bxb5 12. Nxb5 Na6 13. O-O Qb6 14. Nec3 Nc7 15. Ra3 Nxb5 16. Nxb5 Nd7 17. Qc2 Rfb8 18. Be3 Rb7 19. Rc1 Qa5 20. Bd2 Qa6 21. Bc3 Nb6 22. Bxg7 Kxg7 23. b3 Nc8 24. Rca1 Na7 25. Nc3 Rab8 26. f4 c4 27. Nb5 Nxb5 28. axb5 Qxb5 29. bxc4 Qc5+ 30. Kh1 Rb2 31. Qc3+ f6 32. h3 Qf2 33. Qf3 Rb1+ 34. Kh2 Qg1+ 35. Kg3 Rxa1 36. e5 Rxa3 37. exf6+ exf6 38. Qxa3 Re8 0-1


[Site "https://www.chess.com"]

[Event "Titled Tuesday Blitz November 22 Early 2022"]
[White "Levitan, Caleb Levi"]
[Black "Narayanan, Srinath"]
[WhiteFideId "14332620"]
[BlackFideId "5018420"]
[WhiteElo "1963"]
[BlackElo "2459"]
[Result "1-0"]
[Round "01"]
[TimeControl "180+1"]
[Date "2022.11.23"]
[WhiteClock "0:00:04"]
[BlackClock "0:00:05"]

1. e4 c5 2. Nf3 d6 3. d4 cxd4 4. Nxd4 Nf6 5. Nc3 Nc6 6. Bc4 e6 7. Bb3 Be7 8. O-O Na5 9. Be3 Nxb3 10. axb3 O-O 11. f4 a6 12. f5 e5 13. Nf3 b5 14. Bg5 Bb7 15. Bxf6 Bxf6 16. Nd5 Rc8 17. c3 Rc5 18. b4 Rc4 19. Nd2 Bxd5 20. exd5 Qb6+ 21. Kh1 Rh4 22. Qf3 Be7 23. Ne4 f6 24. g3 Rh6 25. Rfd1 Rc8 26. Nf2 Rc4 27. Ng4 Rh3 28. Kg2 h5 29. Nh6+ gxh6 30. Kxh3 Rg4 31. Re1 Qb7 32. Re4 Rg5 33. Rh4 Bf8 34. Rxh5 Rg7 35. Rxh6 Rg5 36. Rg6+ Rxg6 37. fxg6 Kg7 38. Qh5 Qc8+ 39. Kh4 Qc4+ 40. g4 f5 41. Qh7+ Kf6 42. Qf7# 1-0


[Site "https://www.chess.com"]

[Event "Titled Tuesday Blitz November 22 Early 2022"]
[White "Ljukin, Sergei"]
[Black "Ostrovskiy, Aleksandr"]
[WhiteFideId "14102200"]
[BlackFideId "2034239"]
[WhiteElo "2312"]
[BlackElo "2340"]
[Result "0-1"]
[Round "01"]
[TimeControl "180+1"]
[Date "2022.11.23"]
[WhiteClock "0:00:38"]
[BlackClock "0:00:34"]

1. e4 d5 2. exd5 Nf6 3. d4 Bg4 4. Bb5+ Nbd7 5. f3 Bf5 6. g4 Bg6 7. Nc3 a6 8. Ba4 b5 9. Bb3 Nb6 10. a4 b4 11. a5 bxc3 12. axb6 cxb2 13. Bxb2 cxb6 14. c4 e6 15. dxe6 Bb4+ 16. Kf2 fxe6 17. Ne2 O-O 18. Kg2 Nxg4 19. fxg4 Be4+ 20. Kh3 Rf3+ 21. Ng3 Qg5 22. Bc1 Qg6 23. c5 Raf8 24. Qe2 h5 25. g5 Qf5+ 0-1


[Site "https://www.chess.com"]

[Event "Titled Tuesday Blitz November 22 Early 2022"]
[White "Lohani, Sujana"]
[Black "Mortazavi, Ali"]
[WhiteFideId "12311987"]
[BlackFideId "401323"]
[WhiteElo "1691"]
[BlackElo "2339"]
[Result "0-1"]
[Round "01"]
[TimeControl "180+1"]
[Date "2022.11.23"]
[WhiteClock "0:00:02"]
[BlackClock "0:00:05"]

1. d4 Nf6 2. Nf3 g6 3. c4 Bg7 4. Nc3 O-O 5. e4 d6 6. g3 Bg4 7. Bg2 Nc6 8. O-O e5 9. Be3 exd4 10. Bxd4 Nxd4 11. Qxd4 Re8 12. Rfe1 Nxe4 13. Qd3 Nxc3 14. bxc3 Qd7 15. Nd4 c6 16. Qd2 h6 17. Qf4 g5 18. Qd2 Rxe1+ 19. Rxe1 Re8 20. Rxe8+ Qxe8 21. h3 Bc8 22. Kh2 Qe7 23. Bf3 f5 24. Qd3 Qe5 25. Bh5 a6 26. Bg6 f4 27. Bh7+ Kf8 28. Nf3 fxg3+ 29. fxg3 Qf6 30. Kg2 Ke7 31. Nd4 Kd8 32. Be4 Kc7 33. g4 c5 34. Nf5 Bxf5 35. Bxf5 Qxc3 36. Qd5 Qb2+ 37. Kf3 Qc3+ 38. Kg2 Qe5 39. Qf7+ Kb6 40. Bc8 Qe4+ 41. Qf3 Qxf3+ 42. Kxf3 Kc7 43. Bf5 b5 44. Bd3 Kc6 45. Ke4 Bb2 0-1


[Site "https://www.chess.com"]

[Event "Titled Tuesday Blitz November 22 Early 2022"]
[White "Malyi, Viacheslav"]
[Black "Rosh Jain"]
[WhiteFideId "14123983"]
[BlackFideId "25789465"]
[WhiteElo "2291"]
[BlackElo "2233"]
[Result "1-0"]
[Round "01"]
[TimeControl "180+1"]
[Date "2022.11.23"]
[WhiteClock "0:01:40"]
[BlackClock "0:00:15"]

1. e4 c5 2. Nf3 d6 3. d4 cxd4 4. Nxd4 Nf6 5. Nc3 a6 6. Rg1 e5 7. Nb3 Be7 8. g4 Be6 9. g5 Nfd7 10. Be3 Nc6 11. Qd2 Nb6 12. Nd5 Bxd5 13. exd5 Nb8 14. Na5 Qc7 15. O-O-O N8d7 16. Kb1 Rc8 17. h4 Nc5 18. Rg4 Qd7 19. Be2 Nca4 20. Rb4 Qc7 21. h5 Nc5 22. Bg4 Rb8 23. Be2 Nxd5 24. Qxd5 Qxa5 25. Rg4 1-0


[Site "https://www.chess.com"]

[Event "Titled Tuesday Blitz November 22 Early 2022"]
[White "Martic, Ivan"]
[Black "Cramling Bellon, Anna"]
[WhiteFideId "929301"]
[BlackFideId "32009232"]
[WhiteElo "2355"]
[BlackElo "1972"]
[Result "1-0"]
[Round "01"]
[TimeControl "180+1"]
[Date "2022.11.23"]
[WhiteClock "0:00:20"]
[BlackClock "0:00:03"]

1. d4 Nf6 2. Nf3 d5 3. c4 e6 4. Nc3 c6 5. e3 Be7 6. Bd3 O-O 7. O-O dxc4 8. Bxc4 b5 9. Bd3 Nbd7 10. e4 Bb7 11. e5 Nd5 12. Nxd5 exd5 13. Qc2 h6 14. Re1 Nb6 15. e6 fxe6 16. Bh7+ Kh8 17. Ne5 Rf6 18. Ng4 Rf8 19. Bxh6 gxh6 20. Qg6 Bg5 21. Rxe6 Bc8 22. Rae1 Bxe6 23. Rxe6 Re8 24. Ne5 Rf8 25. Nf7+ Rxf7 26. Qxf7 Qf8 27. Qg6 Nc4 28. g3 Rd8 29. h4 Bd2 30. b3 Qg7 31. bxc4 Qxg6 32. Bxg6 bxc4 33. Rxc6 c3 34. Kf1 Rb8 35. Ke2 Rb2 36. Kf3 Kg7 37. h5 Be1 38. Kg4 Rxf2 39. Bd3 Rg2 40. Rg6+ Kf7 41. Kh3 Rxg3+ 42. Rxg3 Bxg3 43. Kxg3 Kf6 44. Kf3 Kg5 45. Ke3 Kxh5 46. Be2+ Kg5 47. Kd3 h5 48. Kxc3 h4 49. Bf1 Kf4 50. Kb4 Ke3 51. Kc5 Ke4 52. Bg2+ Kf4 53. Bxd5 h3 54. a4 Kg3 55. a5 h2 56. a6 Kf2 57. Kd6 Ke3 58. Ke5 Kd3 59. Bb7 Kc4 60. Bh1 Kb5 61. d5 Kb6 62. d6 Kxa6 63. Ke6 Kb6 64. d7 Kc7 65. Ke7 1-0


[Site "https://www.chess.com"]

[Event "Titled Tuesday Blitz November 22 Early 2022"]
[White "Martin, Lewis"]
[Black "Lamaze, Simon"]
[WhiteFideId "410551"]
[BlackFideId "36069264"]
[WhiteElo "2145"]
[BlackElo "2272"]
[Result "0-1"]
[Round "01"]
[TimeControl "180+1"]
[Date "2022.11.23"]
[WhiteClock "0:00:20"]
[BlackClock "0:01:26"]

1. e4 c5 2. Nf3 d6 3. d4 cxd4 4. Nxd4 Nf6 5. Nc3 Bd7 6. g3 Nc6 7. Nde2 g6 8. Bg2 Bg7 9. O-O O-O 10. h3 Rb8 11. Be3 b5 12. f4 b4 13. Nd5 Nxd5 14. exd5 Na5 15. Bd4 Bb5 16. Bxg7 Kxg7 17. Qd4+ f6 18. Rfe1 Bxe2 19. Rxe2 Rb7 20. Rae1 Rf7 21. Be4 Kf8 22. Bd3 Qb6 23. Qxb6 Rxb6 24. h4 Nb7 25. f5 Rg7 26. fxg6 hxg6 27. Kh2 Nc5 28. Bc4 a5 29. b3 Rb7 30. Rf2 Kf7 31. Kh3 Rh7 32. g4 Nd7 33. g5 Ne5 34. gxf6 exf6 35. Ref1 f5 36. Rf4 Kf6 37. Kg3 Rbc7 38. R1f2 Rh8 39. Be2 Rc3+ 40. Bf3 g5 41. hxg5+ Kxg5 42. Rd4 f4+ 43. Rxf4 Rh3+ 44. Kxh3 Kxf4 45. Kg2 Rxf3 46. Rxf3+ Nxf3 0-1


[Site "https://www.chess.com"]

[Event "Titled Tuesday Blitz November 22 Early 2022"]
[White "Matinian, Nikita"]
[Black "Sariego Figueredo, Wilfredo"]
[WhiteFideId "24129100"]
[BlackFideId "3500080"]
[WhiteElo "2422"]
[BlackElo "2309"]
[Result "1-0"]
[Round "01"]
[TimeControl "180+1"]
[Date "2022.11.23"]
[WhiteClock "0:02:16"]
[BlackClock "0:01:28"]

1. e4 c5 2. Nf3 a6 3. g3 Nc6 4. Bg2 b5 5. O-O Bb7 6. c3 e5 7. d4 cxd4 8. cxd4 exd4 9. Nxd4 Bc5 10. Nf5 g6 11. Be3 Bxe3 12. Nd6+ Kf8 13. fxe3 f6 14. Nxb7 Qb6 15. Qd6+ Kg7 16. Nc5 h5 17. Nc3 Rf8 18. Nd5 Qa5 19. Nxd7 Rf7 20. Qxc6 Qd2 21. N7xf6 Nxf6 22. Rxf6 Qxb2 23. Rxg6+ Kh7 24. Rh6+ Kg8 25. Qg6+ Kf8 26. Rxh8+ Qxh8 27. Rc1 1-0


[Site "https://www.chess.com"]

[Event "Titled Tuesday Blitz November 22 Early 2022"]
[White "Mayaud, Raphael"]
[Black "Hristodoulou, Panagiotis"]
[WhiteFideId "627151"]
[BlackFideId "4214340"]
[WhiteElo "2191"]
[BlackElo "2272"]
[Result "0-1"]
[Round "01"]
[TimeControl "180+1"]
[Date "2022.11.23"]
[WhiteClock "0:00:10"]
[BlackClock "0:00:05"]

1. d4 d5 2. c4 e6 3. Nf3 Nf6 4. Nc3 h6 5. g3 Nc6 6. Bg2 Bd6 7. O-O O-O 8. b3 dxc4 9. bxc4 e5 10. d5 Na5 11. Nd2 b6 12. e4 Ba6 13. Nb5 Nxc4 14. a4 Nxd2 15. Bxd2 Nd7 16. Qc2 Nc5 17. Rfc1 Qd7 18. Rcb1 Rfc8 19. h4 c6 20. dxc6 Rxc6 21. Rd1 Ne6 22. Qd3 Nd4 23. Be3 Bc5 24. Kh2 Bxb5 25. axb5 Rd6 26. Bh3 Nf3+ 27. Kg2 Rxd3 28. Bxd7 Rxd1 29. Rxd1 Nd4 30. Ra1 Nb3 31. Ra2 Bxe3 32. fxe3 Nc5 33. Bc6 Rb8 34. Rxa7 g6 35. Bd5 Rf8 36. Re7 Kg7 37. Rxe5 Kf6 38. g4 Kxe5 39. g5 hxg5 40. hxg5 f6 41. Kf3 fxg5+ 42. Kg3 Nxe4+ 43. Kg4 Rf6 44. Kh3 Rd6 45. Kg2 Rxd5 0-1


[Site "https://www.chess.com"]

[Event "Titled Tuesday Blitz November 22 Early 2022"]
[White "McCoy, Owen"]
[Black "Nakamura, Hikaru"]
[WhiteFideId "30924502"]
[BlackFideId "2016192"]
[WhiteElo "2518"]
[BlackElo "2909"]
[Result "1-0"]
[Round "01"]
[TimeControl "180+1"]
[Date "2022.11.22"]
[WhiteClock "0:00:06"]
[BlackClock "0:00:13"]

1. d4 g6 2. Nf3 Bg7 3. Bg5 d6 4. c3 Nd7 5. e4 Ngf6 6. Nbd2 e5 7. Bd3 h6 8. Bh4 g5 9. Bg3 Nh5 10. Nc4 exd4 11. cxd4 g4 12. Nh4 Bxd4 13. Nf5 Bf6 14. Qxg4 Nc5 15. O-O-O Nxg3 16. hxg3 Be6 17. Ng7+ Ke7 18. Nf5+ Bxf5 19. Qxf5 Qd7 20. Ne3 c6 21. Bc2 Qe6 22. Kb1 Rad8 23. f4 a5 24. g4 Bg7 25. Qh5 Bf8 26. Qh4+ Ke8 27. Nf5 Rd7 28. Rhe1 Qc4 29. e5 d5 30. Rd4 Qb5 31. Nd6+ Bxd6 32. exd6+ Ne6 33. Rxe6+ fxe6 34. Bg6+ Kf8 35. Qf6+ Kg8 36. Qxe6+ Kg7 37. Qxd7+ Kxg6 38. Qe6+ Kg7 39. Qe7+ Kg8 40. d7 1-0


[Site "https://www.chess.com"]

[Event "Titled Tuesday Blitz November 22 Early 2022"]
[White "Mihailidis, Anastasios"]
[Black "Korchmar, Vasiliy"]
[WhiteFideId "4205588"]
[BlackFideId "24131750"]
[WhiteElo "2312"]
[BlackElo "2370"]
[Result "0-1"]
[Round "01"]
[TimeControl "180+1"]
[Date "2022.11.23"]
[WhiteClock "0:01:08"]
[BlackClock "0:00:38"]

1. e4 c5 2. Nf3 d6 3. d4 cxd4 4. Nxd4 Nf6 5. f3 e5 6. Nb3 Be6 7. c4 Nbd7 8. Nc3 Rc8 9. Be3 Bxc4 10. Bxc4 Rxc4 11. Qd3 Rc8 12. Bxa7 b6 13. Nb5 d5 14. O-O Bc5+ 15. Kh1 dxe4 16. fxe4 O-O 17. Nxc5 Rxc5 18. Rac1 Qa8 19. b4 Rxb5 20. Qxb5 Qxa7 21. a4 Nxe4 22. Qc6 Ndf6 23. Rfe1 Nf2+ 24. Kg1 Nd3 25. Rf1 b5+ 26. Kh1 Nxc1 27. Rxc1 Qxa4 28. Qc5 e4 29. Re1 h6 30. h3 Re8 31. Re3 Qd1+ 32. Kh2 Qd5 33. Qb6 Qc4 34. Qa5 Nd5 35. Rg3 e3 36. Qa1 g6 37. Qb1 Qf4 38. h4 e2 39. Kh3 e1=Q 40. Rxg6+ fxg6 41. Qxg6+ Kf8 42. Qxh6+ Qxh6 0-1


[Site "https://www.chess.com"]

[Event "Titled Tuesday Blitz November 22 Early 2022"]
[White "Moroni, Luca Jr"]
[Black "Baches Garcia, Guillermo"]
[WhiteFideId "865834"]
[BlackFideId "2209764"]
[WhiteElo "2573"]
[BlackElo "2441"]
[Result "1-0"]
[Round "01"]
[TimeControl "180+1"]
[Date "2022.11.23"]
[WhiteClock "0:01:43"]
[BlackClock "0:00:01"]

1. Nc3 d6 2. e4 c5 3. g3 Nc6 4. Bg2 g6 5. Nge2 Bg7 6. d3 Nf6 7. h3 Rb8 8. O-O O-O 9. Be3 b5 10. Qd2 b4 11. Nd1 Re8 12. c3 a5 13. f4 Nd7 14. Nf2 bxc3 15. bxc3 Qb6 16. Rac1 Ba6 17. Kh2 a4 18. g4 a3 19. Ng3 Qa5 20. Rc2 Rb2 21. Rfc1 Reb8 22. e5 Qc7 23. e6 fxe6 24. f5 exf5 25. gxf5 Rxc2 26. Rxc2 Rb2 27. Rxb2 axb2 28. Qxb2 Nce5 29. Qa3 Bxd3 30. Nxd3 Nxd3 31. Qa8+ Nf8 32. Qd5+ Kh8 33. Qxd3 Be5 34. fxg6 Nxg6 35. Bd2 d5 36. Bxd5 1-0


[Site "https://www.chess.com"]

[Event "Titled Tuesday Blitz November 22 Early 2022"]
[White "Moskvin, Anatoly"]
[Black "Baskakov, Egor"]
[WhiteFideId "24199990"]
[BlackFideId "24197866"]
[WhiteElo "2079"]
[BlackElo "2211"]
[Result "0-1"]
[Round "01"]
[TimeControl "180+1"]
[Date "2022.11.23"]
[WhiteClock "0:00:07"]
[BlackClock "0:00:39"]

1. e4 c5 2. Nf3 Nf6 3. d3 Nc6 4. g3 d5 5. Nbd2 g6 6. Bg2 Bg7 7. O-O O-O 8. c3 e5 9. h3 Re8 10. Qc2 b6 11. Rd1 Bb7 12. Nf1 Rc8 13. Bg5 d4 14. c4 h6 15. Bd2 Re7 16. h4 Ne8 17. Bh3 Rb8 18. Re1 Bc8 19. Bxc8 Qxc8 20. Kg2 Nd6 21. N3h2 f5 22. Qc1 Kh7 23. h5 g5 24. exf5 Qxf5 25. Qb1 Rf8 26. f3 g4 27. fxg4 Qf2+ 28. Kh3 e4 29. dxe4 Nxc4 30. e5+ Kh8 31. Bf4 N4xe5 32. Qe4 Nf7 33. Qg2 Qxg2+ 34. Kxg2 Rfe8 35. Kf2 Nb4 36. Rxe7 Rxe7 37. Rd1 Ne5 38. Bxe5 Rxe5 39. a3 Nd5 40. Nf3 Re4 41. g5 Ne3 42. Nxe3 Rxe3 43. gxh6 Bxh6 44. g4 Bf4 45. g5 Rb3 46. Rb1 c4 47. Ke2 d3+ 48. Kf2 c3 49. Re1 Rxb2+ 50. Kf1 d2 51. Ra1 c2 0-1


[Site "https://www.chess.com"]

[Event "Titled Tuesday Blitz November 22 Early 2022"]
[White "Mrudul Dehankar"]
[Black "Papp, Levente"]
[WhiteFideId "25096990"]
[BlackFideId "751243"]
[WhiteElo "2068"]
[BlackElo "2380"]
[Result "0-1"]
[Round "01"]
[TimeControl "180+1"]
[Date "2022.11.23"]
[WhiteClock "0:00:01"]
[BlackClock "0:00:21"]

1. e4 e6 2. Nf3 d5 3. Nc3 Bb4 4. e5 Ne7 5. a3 Ba5 6. b4 Bb6 7. d4 a5 8. Be3 axb4 9. axb4 Rxa1 10. Qxa1 O-O 11. Bd3 Nbc6 12. Qb2 Nf5 13. Na4 Ba7 14. b5 Na5 15. Qb4 b6 16. O-O Bb7 17. Ra1 Nc4 18. Bxc4 dxc4 19. Qxc4 Bxf3 20. gxf3 Nh4 21. Qe2 Qd5 22. Nc3 Nxf3+ 23. Kf1 Nxh2+ 24. Kg1 Nf3+ 25. Kf1 Qb7 26. Rxa7 Qxa7 27. Qxf3 Qa1+ 28. Nd1 Qb1 29. Qe2 Rc8 30. Kg2 c6 31. bxc6 Rxc6 32. c3 Qb3 33. Bd2 b5 34. Ne3 Qb1 35. Qf3 Rc8 36. Qb7 Qg6+ 37. Kf1 Qd3+ 38. Kg2 Rf8 39. Be1 Qe2 40. Ng4 Qxg4+ 41. Kf1 h5 42. Qxb5 h4 43. Qd3 h3 44. Qf3 Qxf3 0-1


[Site "https://www.chess.com"]

[Event "Titled Tuesday Blitz November 22 Early 2022"]
[White "Munkhgal, Gombosuren"]
[Black "Bristy, Mukherjee"]
[WhiteFideId "4901266"]
[BlackFideId "25077325"]
[WhiteElo "2576"]
[BlackElo "1715"]
[Result "1-0"]
[Round "01"]
[TimeControl "180+1"]
[Date "2022.11.23"]
[WhiteClock "0:00:40"]
[BlackClock "0:00:04"]

1. d4 f5 2. Nc3 Nf6 3. Bg5 d5 4. Bxf6 exf6 5. e3 c6 6. Bd3 Be6 7. Qf3 Qd7 8. Nge2 Bd6 9. h4 Na6 10. a3 O-O-O 11. h5 g5 12. Ng3 f4 13. exf4 gxf4 14. Bxa6 fxg3 15. Be2 gxf2+ 16. Qxf2 Rhg8 17. O-O-O Bg3 18. Qf1 Rdf8 19. Kb1 Bd6 20. Bf3 Qc7 21. h6 Kb8 22. Qd3 Rg5 23. Rde1 Bf5 24. Qe2 Qa5 25. Na2 Rgg8 26. Nc1 Qb6 27. Qe3 Bg6 28. Nb3 Bg3 29. Nc5 Rd8 30. Re2 Qc7 31. Ne6 Qb6 32. Nxd8 Rxd8 33. Qc3 Bd6 34. Rhe1 a5 35. Ka2 Ka7 36. Re6 f5 37. Rh1 f4 38. Rxg6 hxg6 39. h7 Rh8 40. Qd3 g5 41. Rh6 Be7 42. Bxd5 Bf8 43. Re6 Qd8 44. Be4 Bg7 45. c3 Qd7 46. Qc4 Qd8 47. Qc5+ Qb6 48. Qxb6+ Kxb6 49. Rg6 Bf8 50. Rg8 1-0


[Site "https://www.chess.com"]

[Event "Titled Tuesday Blitz November 22 Early 2022"]
[White "Nan, M K Khine Hlyan"]
[Black "Johnson, Donald"]
[WhiteFideId "13002899"]
[BlackFideId "30949122"]
[WhiteElo "1943"]
[BlackElo "2132"]
[Result "0-1"]
[Round "01"]
[TimeControl "180+1"]
[Date "2022.11.23"]
[WhiteClock "0:00:38"]
[BlackClock "0:01:04"]

1. e4 c6 2. d4 d5 3. e5 Bf5 4. f4 e6 5. Nf3 h6 6. Bd3 Bxd3 7. Qxd3 Nd7 8. Nbd2 Ne7 9. c4 Nf5 10. O-O Be7 11. g4 Nh4 12. f5 Nxf3+ 13. Nxf3 O-O 14. f6 gxf6 15. Bxh6 Re8 16. exf6 Bxf6 17. Ne5 Nxe5 18. dxe5 Bxe5 19. Qh3 dxc4 20. Bf4 Bxf4 21. Rxf4 Qg5 22. Raf1 Re7 23. Rf6 Rd8 24. Rh6 Qg7 25. Qh4 Rd4 26. Qxe7 Rxg4+ 27. Kh1 Qxh6 28. Qxf7+ Kh8 29. Qe8+ Rg8 30. Qe7 Qg5 31. Qxg5 Rxg5 32. Rf8+ Kg7 33. Re8 Rb5 34. Rxe6 Rxb2 35. Re4 c3 36. Rc4 c2 37. Kg2 c1=Q+ 0-1


[Site "https://www.chess.com"]

[Event "Titled Tuesday Blitz November 22 Early 2022"]
[White "Nanditha, V"]
[Black "Kleiman, Jake"]
[WhiteFideId "46626697"]
[BlackFideId "2020041"]
[WhiteElo "1564"]
[BlackElo "2572"]
[Result "0-1"]
[Round "01"]
[TimeControl "180+1"]
[Date "2022.11.23"]
[WhiteClock "0:00:17"]
[BlackClock "0:00:36"]

1. e4 c5 2. Nf3 e6 3. g3 a6 4. Bg2 b5 5. c3 Bb7 6. d3 Nf6 7. O-O Nc6 8. Nbd2 d5 9. Re1 dxe4 10. dxe4 c4 11. Qe2 Bc5 12. Nf1 Qb6 13. Be3 Nxe4 14. Nd4 Nxd4 15. cxd4 Bb4 16. d5 Nc5 17. dxe6 O-O 18. Bxc5 Bxc5 19. exf7+ Rxf7 20. Ne3 Bxg2 21. Kxg2 Qc6+ 22. Kg1 Raf8 23. Ng4 h5 24. Ne5 Rxf2 25. Nxc6 Rxe2+ 26. Kh1 Rxb2 27. Rf1 Rxf1+ 28. Rxf1 Rxa2 29. Ne5 c3 30. Nd7 Bd4 31. Rf8+ Kh7 32. Rf4 c2 33. Rxd4 c1=Q+ 34. Rd1 Qxd1# 0-1


[Site "https://www.chess.com"]

[Event "Titled Tuesday Blitz November 22 Early 2022"]
[White "Nguyen Hong Nhung"]
[Black "Ai, Evan"]
[WhiteFideId "12412201"]
[BlackFideId "2094770"]
[WhiteElo "1904"]
[BlackElo "1963"]
[Result "0-1"]
[Round "01"]
[TimeControl "180+1"]
[Date "2022.11.23"]
[WhiteClock "0:00:16"]
[BlackClock "0:00:17"]

1. e4 e5 2. Nf3 Nc6 3. d4 exd4 4. Nxd4 Nf6 5. Nc3 Bb4 6. Nxc6 bxc6 7. Bd3 Qe7 8. O-O O-O 9. Re1 d6 10. h3 Be6 11. Qf3 Nd7 12. Qg3 Qf6 13. Bg5 Qe5 14. Bf4 Qf6 15. Rad1 h6 16. Bd2 Ne5 17. a3 Bc5 18. Ne2 Bc4 19. Bxc4 Nxc4 20. Bc3 Qg6 21. Qd3 Ne5 22. Bxe5 dxe5 23. Ng3 Kh7 24. Nf5 Qf6 25. Qc3 Bb6 26. Ne3 Bd4 27. Qa5 Bb6 28. Qa4 Rad8 29. Rxd8 Rxd8 30. c3 Rd2 31. Rf1 Rxf2 32. Rxf2 Bxe3 33. Qc2 Qxf2+ 34. Qxf2 Bxf2+ 35. Kxf2 Kg6 36. Ke3 Kf6 37. Kd3 Ke6 38. Kc4 f5 39. exf5+ Kxf5 40. Kc5 e4 41. Kd4 Kf4 42. g3+ Kf3 43. b4 e3 44. Kc5 e2 45. Kxc6 e1=Q 46. c4 Qc3 47. c5 Qxa3 48. b5 Qa5 49. b6 axb6 50. cxb6 Qxb6+ 51. Kd7 Kxg3 52. h4 Kh3 53. Ke8 c5 54. Kf8 Qa7 55. Kg8 g5 56. Kh8 c4 57. Kg8 c3 58. h5 c2 59. Kh8 c1=Q 60. Kg8 Qc8# 0-1


[Site "https://www.chess.com"]

[Event "Titled Tuesday Blitz November 22 Early 2022"]
[White "Nissinen, Niilo Man"]
[Black "Barp, Alberto"]
[WhiteFideId "30950767"]
[BlackFideId "872555"]
[WhiteElo "1896"]
[BlackElo "2313"]
[Result "0-1"]
[Round "01"]
[TimeControl "180+1"]
[Date "2022.11.23"]
[WhiteClock "0:00:02"]
[BlackClock "0:00:37"]

1. e4 c5 2. Nf3 a6 3. d4 cxd4 4. Nxd4 Nf6 5. e5 Qa5+ 6. Nc3 Qxe5+ 7. Be2 Nc6 8. Nb3 g6 9. O-O Bg7 10. g3 Qc7 11. Bf3 O-O 12. Re1 d6 13. Bg5 e6 14. Bf4 Rd8 15. Qd2 Ne5 16. Bxe5 dxe5 17. Qe3 Nd5 18. Nxd5 exd5 19. c3 d4 20. cxd4 exd4 21. Qd2 Qb6 22. Be4 Be6 23. Nc1 d3 24. Nxd3 Rd4 25. Qe3 Rad8 26. Rac1 Bxa2 27. Nc5 Bd5 28. Bxd5 R4xd5 29. b4 Qxb4 30. Qe7 Bf8 31. Qxb7 Bxc5 32. Qxa6 Rf5 33. Rf1 Bd4 34. Qc6 Qd6 35. Qxd6 Rxd6 36. Rcd1 0-1


[Site "https://www.chess.com"]

[Event "Titled Tuesday Blitz November 22 Early 2022"]
[White "Nugumanov, Bakhtiyar"]
[Black "Williams, Simon K"]
[WhiteFideId "13701797"]
[BlackFideId "404454"]
[WhiteElo "2287"]
[BlackElo "2468"]
[Result "0-1"]
[Round "01"]
[TimeControl "180+1"]
[Date "2022.11.23"]
[WhiteClock "0:00:03"]
[BlackClock "0:01:31"]

1. Nf3 f5 2. g3 Nf6 3. Bg2 d6 4. d4 e6 5. O-O Be7 6. c4 O-O 7. Nc3 a5 8. b3 Ne4 9. Bb2 Nxc3 10. Bxc3 Qe8 11. Nd2 Nd7 12. e4 f4 13. e5 dxe5 14. dxe5 Nc5 15. Qe2 Bd7 16. f3 Bc6 17. a3 Qg6 18. b4 Na4 19. Bd4 fxg3 20. hxg3 Qxg3 21. b5 Be8 22. Ne4 Qg6 23. Qc2 Nc5 24. a4 Rf4 25. Qd2 Rxe4 26. fxe4 Nb3 27. Qf2 Nxa1 28. Bxa1 b6 29. Bd4 Rd8 30. Rd1 Rxd4 31. Rxd4 Bc5 32. Kf1 Bxd4 33. Qxd4 Qf7+ 34. Ke2 Qd7 35. Qxd7 Bxd7 36. Kd3 Kf7 37. c5 h5 38. c6 Be8 39. Ke3 g5 40. Kf3 Kg6 41. Kg3 Kh6 42. Bf3 g4 43. Bg2 Kg5 0-1


[Site "https://www.chess.com"]

[Event "Titled Tuesday Blitz November 22 Early 2022"]
[White "Odegov, Artem"]
[Black "Makhmudov, Shukhrat"]
[WhiteFideId "34183644"]
[BlackFideId "14200775"]
[WhiteElo "2298"]
[BlackElo "2135"]
[Result "1-0"]
[Round "01"]
[TimeControl "180+1"]
[Date "2022.11.23"]
[WhiteClock "0:00:13"]
[BlackClock "0:00:27"]

1. d4 Nf6 2. c4 e6 3. Nf3 d5 4. Nc3 Bb4 5. Bg5 h6 6. Bxf6 Qxf6 7. e3 O-O 8. Rc1 a6 9. a3 Bxc3+ 10. Rxc3 c6 11. Be2 Nd7 12. O-O dxc4 13. Bxc4 e5 14. Ba2 exd4 15. Qxd4 Qxd4 16. Nxd4 Ne5 17. Rd1 Rd8 18. Kf1 b6 19. f4 Ng4 20. h3 Nxe3+ 21. Rxe3 c5 22. Re7 cxd4 23. Rxf7 Kh8 24. f5 a5 25. f6 Ba6+ 26. Kg1 gxf6 27. Rxf6 Kg7 28. Rxb6 d3 29. Bb1 Bc4 30. b3 Ba6 31. Rc6 Rd7 32. b4 axb4 33. axb4 Bb5 34. Rc5 Ba4 35. Rxd3 Rxd3 36. Bxd3 Ra7 37. b5 Rb7 38. Kf2 Bb3 39. Ke3 Be6 40. Be4 Rb6 41. Rc6 Rxc6 42. Bxc6 Kf6 43. b6 Bc8 44. b7 Bxb7 45. Bxb7 h5 46. Kf4 h4 47. Kg4 1-0


[Site "https://www.chess.com"]

[Event "Titled Tuesday Blitz November 22 Early 2022"]
[White "Omariev, Maksim"]
[Black "Urazayev, Arystanbek"]
[WhiteFideId "4193423"]
[BlackFideId "13709810"]
[WhiteElo "2447"]
[BlackElo "2441"]
[Result "0-1"]
[Round "01"]
[TimeControl "180+1"]
[Date "2022.11.23"]
[WhiteClock "0:00:02"]
[BlackClock "0:01:01"]

1. g4 d5 2. Bg2 c6 3. h3 e5 4. d4 e4 5. c4 h5 6. g5 Be6 7. Nc3 Nd7 8. h4 Ne7 9. Nh3 Ng6 10. Nf4 Nxf4 11. Bxf4 Bb4 12. Qb3 a5 13. cxd5 Bxd5 14. Qc2 Qe7 15. O-O-O Bxc3 16. bxc3 Nb6 17. Kb1 Nc4 18. Ka1 O-O 19. f3 e3 20. Bh3 g6 21. Rb1 b5 22. Rhd1 Rfe8 23. Rd3 b4 24. Qc1 Be6 25. Bxe6 Qxe6 26. Be5 c5 27. f4 a4 28. Bf6 b3 29. d5 Qd6 30. a3 b2+ 31. Rxb2 Nxb2 32. Qxb2 Rab8 33. Qc2 c4 34. Rd1 Rb3 35. Qa2 Rxa3 36. Be5 Rxa2+ 37. Kxa2 Qb6 38. Rb1 Qc5 39. d6 Qd5 40. Rb2 a3 41. Rc2 Qb5 42. Ka1 Qb3 43. Rc1 Qb2# 0-1


[Site "https://www.chess.com"]